2355 views
Uploaded 2024-11-15 05:22:41
Game version 1.36 (6115)
43:35 long 2on2 ladder game on (4)LostTemple_S2
Saved by Cabeelibob
2355 views
Uploaded 2024-11-15 05:22:41
Game version 1.36 (6115)
43:35 long 2on2 ladder game on (4)LostTemple_S2


81 units @ 7.7k
/ 1k
133 buildings @ 8.9k
/ 4.8k



| Orb of Fire | 1 | 325 |
| Staff of Sanctuary | 1 | 250 |
| Boots of Speed | 2 | 500 |
| total: | 4 | 1075g |
| Peasant | 30 | 2250 | / | 0 |
| Footman | 1 | 135 | / | 0 |
| Mortar Team | 2 | 360 | / | 140 |
| Flying Machine | 23 | 2300 | / | 690 |
| Dragonhawk Rider | 4 | 800 | / | 120 |
| Goblin Zeppelin | 1 | 240 | / | 60 |
| total: | 61 | 6085g | / | 1010w |
| Scout Tower | 50 | 1500 | / | 1000 |
| Arcane Tower | 3 | 210 | / | 150 |
| Guard Tower | 21 | 1470 | / | 1050 |
| Altar of Kings | 1 | 180 | / | 50 |
| Barracks | 1 | 160 | / | 60 |
| Farm | 9 | 720 | / | 180 |
| Lumber Mill | 1 | 120 | / | 0 |
| Town Hall | 6 | 2310 | / | 1230 |
| Blacksmith | 1 | 140 | / | 60 |
| Arcane Vault | 1 | 130 | / | 30 |
| Workshop | 4 | 560 | / | 560 |
| Gryphon Aviary | 1 | 140 | / | 150 |
| Keep | 1 | 320 | / | 210 |
| Castle | 1 | 360 | / | 210 |
| total: | 75 | 5960g | / | 3320w |
| 0:01 | Peasant |
| 0:05 | Altar of Kings |
| 0:06 | Peasant |
| 0:19 | Barracks |
| 0:20 | Peasant |
| 0:32 | Farm |
| 0:38 | Peasant |
| 0:45 | Farm |
| 0:53 | Peasant |
| 1:15 | Scout Tower |
| 1:18 | Peasant |
| 1:25 | Footman |
| 1:35 | Peasant |
| 1:44 | Arcane Tower |
| 1:52 | Farm |
| 1:55 | Peasant |
| 2:05 | Storm Bolt |
| 2:19 | Peasant |
| 2:20 | Peasant |
| 2:25 | Lumber Mill |
| 3:06 | Storm Bolt |
| 3:14 | Town Hall |
| 3:15 | Peasant |
| 3:15 | Peasant |
| 3:32 | Scout Tower |
| 3:33 | Scout Tower |
| 3:36 | Peasant |
| 3:38 | Improved Lumber Harvesting |
| 4:14 | Scout Tower |
| 4:26 | Guard Tower |
| 4:28 | Scout Tower |
| 4:29 | Scout Tower |
| 4:30 | Improved Masonry |
| 4:35 | Peasant |
| 4:35 | Peasant |
| 4:42 | Guard Tower |
| 4:58 | Guard Tower |
| 5:08 | Peasant |
| 5:16 | Peasant |
| 6:27 | Peasant |
| 6:28 | Keep |
| 6:29 | Blacksmith |
| 6:39 | Guard Tower |
| 6:41 | Peasant |
| 6:46 | Scout Tower |
| 6:47 | Scout Tower |
| 6:47 | Scout Tower |
| 6:47 | Scout Tower |
| 6:59 | Scout Tower |
| 6:59 | Scout Tower |
| 7:00 | Scout Tower |
| 7:00 | Scout Tower |
| 7:03 | Peasant |
| 7:03 | Peasant |
| 7:15 | Scout Tower |
| 7:16 | Scout Tower |
| 7:16 | Scout Tower |
| 7:17 | Scout Tower |
| 7:24 | Guard Tower |
| 7:26 | Scout Tower |
| 7:34 | Guard Tower |
| 7:40 | Bash |
| 7:44 | Black Gunpowder |
| 7:52 | Guard Tower |
| 7:54 | Scout Tower |
| 7:57 | Guard Tower |
| 7:59 | Peasant |
| 8:15 | Bash |
| 8:23 | Guard Tower |
| 8:30 | Guard Tower |
| 8:49 | Guard Tower |
| 8:53 | Guard Tower |
| 8:55 | Scout Tower |
| 8:55 | Scout Tower |
| 8:57 | Advanced Lumber Harvesting |
| 8:57 | Advanced Masonry |
| 8:58 | Peasant |
| 9:02 | Castle |
| 9:47 | Guard Tower |
| 9:56 | Scout Tower |
| 9:57 | Guard Tower |
| 9:59 | Holy Light |
| 10:06 | Refined Gunpowder |
| 10:08 | Workshop |
| 10:15 | Peasant |
| 10:21 | Workshop |
| 11:18 | Workshop |
| 11:55 | Flak Cannons |
| 11:56 | Flying Machine Bombs |
| 11:56 | Fragmentation Shards |
| 11:56 | Flare |
| 11:57 | Workshop |
| 12:04 | Imbued Masonry |
| 12:11 | Imbued Gunpowder |
| 12:24 | Farm |
| 12:25 | Farm |
| 12:42 | Mortar Team |
| 13:04 | Flying Machine |
| 13:14 | Farm |
| 13:14 | Farm |
| 13:27 | Guard Tower |
| 14:00 | Farm |
| 14:09 | Gryphon Aviary |
| 14:30 | Flying Machine |
| 14:31 | Flying Machine |
| 14:31 | Flying Machine |
| 14:31 | Flying Machine |
| 14:31 | Flying Machine |
| 14:31 | Flying Machine |
| 14:31 | Flying Machine |
| 14:42 | Iron Plating |
| 15:21 | Flying Machine |
| 15:21 | Flying Machine |
| 15:24 | Farm |
| 15:56 | Flying Machine |
| 16:59 | Arcane Vault |
| 17:17 | Flying Machine |
| 17:17 | Flying Machine |
| 17:20 | Steel Plating |
| 17:32 | Cloud |
| 17:32 | Dragonhawk Rider |
| 17:32 | Dragonhawk Rider |
| 18:54 | Brilliance Aura |
| 19:04 | Mithril Plating |
| 21:49 | Town Hall |
| 21:50 | Scout Tower |
| 21:51 | Scout Tower |
| 21:51 | Scout Tower |
| 21:52 | Scout Tower |
| 21:52 | Scout Tower |
| 21:52 | Scout Tower |
| 21:59 | Goblin Zeppelin |
| 22:24 | Peasant |
| 22:24 | Peasant |
| 23:43 | Town Hall |
| 23:44 | Scout Tower |
| 23:44 | Scout Tower |
| 23:45 | Scout Tower |
| 23:45 | Scout Tower |
| 24:49 | Arcane Tower |
| 24:50 | Guard Tower |
| 25:32 | Flying Machine |
| 25:32 | Flying Machine |
| 25:59 | Storm Bolt |
| 26:00 | Storm Bolt |
| 27:45 | Flying Machine |
| 28:13 | Dragonhawk Rider |
| 29:08 | Dragonhawk Rider |
| 29:41 | Orb of Fire |
| 29:42 | Staff of Sanctuary |
| 30:22 | Divine Shield |
| 30:43 | Blizzard |
| 31:56 | Mortar Team |
| 33:12 | Town Hall |
| 33:15 | Town Hall |
| 33:17 | Scout Tower |
| 33:17 | Scout Tower |
| 33:19 | Scout Tower |
| 33:19 | Scout Tower |
| 33:20 | Scout Tower |
| 33:33 | Flying Machine |
| 34:01 | Guard Tower |
| 35:15 | Town Hall |
| 35:17 | Scout Tower |
| 35:18 | Scout Tower |
| 35:18 | Scout Tower |
| 35:19 | Scout Tower |
| 35:19 | Scout Tower |
| 35:43 | Flying Machine |
| 35:43 | Flying Machine |
| 35:44 | Flying Machine |
| 35:44 | Flying Machine |
| 35:45 | Flying Machine |
| 35:45 | Flying Machine |
| 36:04 | Divine Shield |
| 37:19 | Guard Tower |
| 37:20 | Arcane Tower |
| 38:06 | Peasant |
| 38:06 | Peasant |
| 38:06 | Peasant |
| 39:27 | Scout Tower |
| 39:29 | Scout Tower |
| 39:29 | Scout Tower |
| 39:30 | Scout Tower |
| 39:31 | Peasant |
| 40:17 | Bash |
| 40:18 | Bash |
| 40:19 | Holy Light |
| 40:41 | Brilliance Aura |
| 40:47 | Guard Tower |
| 41:02 | Guard Tower |
| 41:10 | Studded Leather Armor |
| 41:37 | Guard Tower |
| 41:39 | Scout Tower |
| 41:39 | Scout Tower |
| 41:40 | Scout Tower |
| 42:14 | Boots of Speed |
| 42:14 | Boots of Speed |
| Right click | 2376 |
| Select group | 758 |
| Select | 700 |
| Build/train/purchase | 147 |
| Use ability | 120 |
| Misc. action | 66 |
| Chat | 25 |
| Assign group | 14 |
| Esc | 10 |
| Resource trade | 10 |
| Minimap ping | 7 |
| Item give/drop | 4 |
| Remove unit | 2 |
Cabeelibob
(194)
(43:34) : 
| Scroll of Town Portal | 1 | 350 |
| total: | 1 | 350g |
| Peasant | 18 | 1350 | / | 0 |
| Priest | 2 | 270 | / | 20 |
| total: | 20 | 1620g | / | 20w |
| Scout Tower | 43 | 1290 | / | 860 |
| Arcane Tower | 12 | 840 | / | 600 |
| Guard Tower | 20 | 1400 | / | 1000 |
| Altar of Kings | 2 | 360 | / | 100 |
| Farm | 8 | 640 | / | 160 |
| Lumber Mill | 2 | 240 | / | 0 |
| Arcane Vault | 1 | 130 | / | 30 |
| Arcane Sanctum | 2 | 300 | / | 280 |
| Keep | 1 | 320 | / | 210 |
| Castle | 1 | 360 | / | 210 |
| total: | 58 | 2960g | / | 1430w |
| 0:03 | Altar of Kings |
| 0:07 | Farm |
| 0:07 | Peasant |
| 0:16 | Peasant |
| 0:23 | Peasant |
| 0:31 | Lumber Mill |
| 0:34 | Peasant |
| 0:42 | Farm |
| 1:22 | Scout Tower |
| 1:24 | Peasant |
| 1:24 | Peasant |
| 1:36 | Peasant |
| 1:36 | Peasant |
| 1:40 | Farm |
| 1:57 | Arcane Tower |
| 2:18 | Peasant |
| 2:18 | Peasant |
| 2:25 | Improved Masonry |
| 2:45 | Peasant |
| 2:55 | Scout Tower |
| 3:03 | Scout Tower |
| 3:11 | Scout Tower |
| 3:17 | Arcane Tower |
| 3:21 | Scout Tower |
| 3:22 | Scout Tower |
| 3:23 | Scout Tower |
| 3:34 | Peasant |
| 3:34 | Peasant |
| 3:36 | Peasant |
| 3:39 | Improved Lumber Harvesting |
| 3:40 | Guard Tower |
| 3:46 | Scout Tower |
| 3:48 | Scout Tower |
| 3:55 | Guard Tower |
| 3:59 | Guard Tower |
| 4:15 | Scout Tower |
| 4:24 | Guard Tower |
| 4:26 | Scout Tower |
| 4:27 | Scout Tower |
| 4:34 | Peasant |
| 4:34 | Peasant |
| 4:34 | Peasant |
| 4:38 | Peasant |
| 4:46 | Scout Tower |
| 4:47 | Scout Tower |
| 4:56 | Scout Tower |
| 5:03 | Arcane Tower |
| 5:17 | Scout Tower |
| 5:29 | Scout Tower |
| 5:29 | Scout Tower |
| 5:33 | Guard Tower |
| 5:37 | Guard Tower |
| 5:43 | Guard Tower |
| 5:46 | Guard Tower |
| 5:49 | Scout Tower |
| 5:55 | Keep |
| 6:02 | Guard Tower |
| 6:08 | Arcane Tower |
| 6:10 | Arcane Tower |
| 6:14 | Scout Tower |
| 6:19 | Scout Tower |
| 6:25 | Scout Tower |
| 6:26 | Arcane Tower |
| 6:46 | Arcane Tower |
| 6:55 | Arcane Tower |
| 6:59 | Scout Tower |
| 7:00 | Scout Tower |
| 7:01 | Scout Tower |
| 7:02 | Guard Tower |
| 7:04 | Scout Tower |
| 7:08 | Scout Tower |
| 7:35 | Guard Tower |
| 7:38 | Scout Tower |
| 7:41 | Scout Tower |
| 7:42 | Scout Tower |
| 7:44 | Guard Tower |
| 7:48 | Scout Tower |
| 8:09 | Guard Tower |
| 8:12 | Scout Tower |
| 8:16 | Guard Tower |
| 8:21 | Scout Tower |
| 8:23 | Guard Tower |
| 8:33 | Guard Tower |
| 9:00 | Advanced Masonry |
| 9:09 | Scout Tower |
| 9:17 | Scout Tower |
| 9:18 | Scout Tower |
| 9:56 | Arcane Vault |
| 10:02 | Holy Light |
| 10:05 | Guard Tower |
| 10:08 | Scout Tower |
| 10:08 | Scout Tower |
| 10:11 | Scout Tower |
| 10:15 | Guard Tower |
| 10:23 | Scout Tower |
| 10:26 | Guard Tower |
| 10:33 | Scroll of Town Portal |
| 11:04 | Lumber Mill |
| 11:17 | Guard Tower |
| 11:20 | Arcane Tower |
| 11:22 | Scout Tower |
| 11:54 | Arcane Tower |
| 11:57 | Scout Tower |
| 12:11 | Castle |
| 12:47 | Arcane Tower |
| 13:05 | Arcane Sanctum |
| 13:08 | Arcane Sanctum |
| 14:06 | Magic Sentry |
| 14:35 | Priest Adept Training |
| 15:13 | Imbued Masonry |
| 15:41 | Priest Master Training |
| 15:45 | Scout Tower |
| 15:59 | Arcane Tower |
| 16:30 | Priest |
| 16:30 | Priest |
| 16:37 | Farm |
| 16:37 | Farm |
| 25:40 | Altar of Kings |
| 26:11 | Farm |
| 26:11 | Farm |
| 27:04 | Farm |
| Right click | 1441 |
| Select group | 1295 |
| Select | 326 |
| Build/train/purchase | 81 |
| Chat | 64 |
| Use ability | 33 |
| Resource trade | 29 |
| Assign group | 12 |
| Remove unit | 4 |
| Minimap ping | 3 |
| Misc. action | 1 |
| Esc | 1 |
90 units @ 12.8k
/ 1.8k
114 buildings @ 16.4k
/ 9.2k


| Healing Salve | 3 | 300 |
| Lesser Clarity Potion | 4 | 280 |
| Orb of Lightning | 1 | 375 |
| Scroll of Speed | 1 | 50 |
| Scroll of Town Portal | 1 | 350 |
| Staff of Teleportation | 1 | 150 |
| total: | 11 | 1505g |
| Peon | 12 | 900 | / | 0 |
| Grunt | 4 | 800 | / | 0 |
| Troll Headhunter | 3 | 420 | / | 60 |
| Raider | 6 | 1080 | / | 240 |
| Troll Witch Doctor | 6 | 870 | / | 150 |
| Tauren | 2 | 560 | / | 160 |
| Demolisher | 5 | 1100 | / | 250 |
| Goblin Zeppelin | 1 | 240 | / | 60 |
| Goblin Shredder | 1 | 375 | / | 100 |
| total: | 40 | 6345g | / | 1020w |
| Watch Tower | 21 | 2310 | / | 1680 |
| Altar of Storms | 1 | 180 | / | 50 |
| Orc Burrow | 7 | 1120 | / | 280 |
| Barracks | 1 | 180 | / | 50 |
| Voodoo Lounge | 2 | 260 | / | 60 |
| War Mill | 2 | 410 | / | 0 |
| Great Hall | 5 | 1925 | / | 925 |
| Beastiary | 1 | 145 | / | 140 |
| Spirit Lodge | 1 | 150 | / | 150 |
| Tauren Totem | 1 | 135 | / | 155 |
| Stronghold | 3 | 945 | / | 570 |
| Fortress | 2 | 650 | / | 380 |
| total: | 42 | 6815g | / | 3490w |
| 0:05 | Altar of Storms |
| 0:06 | Peon |
| 0:07 | Peon |
| 0:17 | Orc Burrow |
| 0:30 | Barracks |
| 0:38 | Peon |
| 0:52 | Peon |
| 1:20 | Peon |
| 1:20 | Peon |
| 1:32 | Voodoo Lounge |
| 1:37 | Grunt |
| 2:00 | Orc Burrow |
| 2:06 | Wind Walk |
| 2:32 | Peon |
| 2:53 | Grunt |
| 2:57 | War Mill |
| 3:39 | Critical Strike |
| 3:54 | Stronghold |
| 3:55 | Grunt |
| 4:26 | Orc Burrow |
| 4:27 | Steel Armor |
| 5:16 | Grunt |
| 5:20 | Troll Headhunter |
| 5:58 | Troll Headhunter |
| 6:32 | Healing Salve |
| 6:32 | Lesser Clarity Potion |
| 6:37 | Beastiary |
| 6:45 | Spirit Lodge |
| 7:24 | Wind Walk |
| 7:34 | Healing Wave |
| 7:40 | Orc Burrow |
| 7:41 | Ensnare |
| 7:41 | Raider |
| 7:53 | Troll Headhunter |
| 8:03 | Witch Doctor Adept Training |
| 8:03 | Troll Witch Doctor |
| 8:34 | Fortress |
| 8:39 | Great Hall |
| 8:53 | Raider |
| 9:08 | Raider |
| 9:10 | Troll Regeneration |
| 10:22 | Troll Witch Doctor |
| 10:48 | Goblin Zeppelin |
| 10:58 | Berserker Upgrade |
| 11:55 | Witch Doctor Master Training |
| 11:55 | Troll Witch Doctor |
| 11:58 | Raider |
| 12:00 | Pillage |
| 12:07 | Peon |
| 12:07 | Peon |
| 12:07 | Peon |
| 12:07 | Peon |
| 12:08 | Peon |
| 13:17 | Raider |
| 13:20 | Tauren Totem |
| 13:23 | Critical Strike |
| 13:25 | Goblin Shredder |
| 13:51 | Serpent Ward |
| 14:11 | Orc Burrow |
| 14:13 | Orb of Lightning |
| 14:35 | Thorium Armor |
| 14:52 | Scroll of Town Portal |
| 14:53 | Scroll of Speed |
| 15:38 | Pulverize |
| 15:39 | Tauren |
| 15:40 | Troll Witch Doctor |
| 15:41 | Raider |
| 17:17 | Arcanite Armor |
| 17:18 | Tauren |
| 17:22 | Orc Burrow |
| 18:10 | Steel Melee Weapons |
| 18:13 | Demolisher |
| 18:50 | Watch Tower |
| 18:50 | Watch Tower |
| 18:52 | Watch Tower |
| 18:54 | Watch Tower |
| 18:56 | Watch Tower |
| 20:27 | Watch Tower |
| 20:52 | Watch Tower |
| 20:53 | Watch Tower |
| 20:54 | Watch Tower |
| 20:55 | Watch Tower |
| 20:55 | Watch Tower |
| 21:14 | Stronghold |
| 21:33 | Great Hall |
| 21:57 | Watch Tower |
| 22:08 | Watch Tower |
| 22:43 | Watch Tower |
| 22:44 | Watch Tower |
| 22:45 | Watch Tower |
| 22:45 | Watch Tower |
| 25:33 | Watch Tower |
| 27:38 | War Mill |
| 28:21 | Lesser Clarity Potion |
| 28:23 | Stronghold |
| 29:07 | Staff of Teleportation |
| 29:25 | Watch Tower |
| 29:37 | Great Hall |
| 30:49 | Watch Tower |
| 31:06 | Troll Witch Doctor |
| 31:09 | Demolisher |
| 31:09 | Demolisher |
| 32:16 | Lesser Clarity Potion |
| 32:19 | Healing Salve |
| 32:36 | Great Hall |
| 32:42 | Fortress |
| 32:45 | Demolisher |
| 32:53 | Watch Tower |
| 32:58 | Steel Ranged Weapons |
| 33:32 | Demolisher |
| 34:10 | Voodoo Lounge |
| 37:15 | Great Hall |
| 39:01 | Healing Wave |
| 39:42 | Orc Burrow |
| 40:56 | Lesser Clarity Potion |
| 41:37 | Healing Salve |
| 42:49 | Troll Witch Doctor |
| Right click | 1792 |
| Select | 724 |
| Chat | 181 |
| Select group | 174 |
| Build/train/purchase | 152 |
| Misc. action | 137 |
| Use ability | 55 |
| Assign group | 42 |
| Esc | 10 |
| Minimap ping | 10 |
| Item give/drop | 5 |
| Remove unit | 2 |


| Healing Salve | 4 | 400 |
| Lesser Clarity Potion | 4 | 280 |
| Orb of Lightning | 1 | 375 |
| Scroll of Town Portal | 2 | 700 |
| Potion of Lesser Invulnerability | 2 | 300 |
| Staff of Teleportation | 1 | 150 |
| total: | 14 | 2205g |
| Peon | 22 | 1650 | / | 0 |
| Grunt | 5 | 1000 | / | 0 |
| Troll Headhunter | 6 | 840 | / | 120 |
| Shaman | 8 | 1040 | / | 160 |
| Troll Berserker | 2 | 280 | / | 40 |
| Kodo Beast | 2 | 510 | / | 120 |
| Tauren | 3 | 840 | / | 240 |
| Troll Witch Doctor | 2 | 290 | / | 50 |
| total: | 50 | 6450g | / | 730w |
| Watch Tower | 54 | 5940 | / | 4320 |
| Altar of Storms | 1 | 180 | / | 50 |
| Orc Burrow | 6 | 960 | / | 240 |
| Barracks | 1 | 180 | / | 50 |
| Voodoo Lounge | 1 | 130 | / | 30 |
| War Mill | 3 | 615 | / | 0 |
| Great Hall | 3 | 1155 | / | 555 |
| Spirit Lodge | 1 | 150 | / | 150 |
| Beastiary | 1 | 145 | / | 140 |
| Tauren Totem | 1 | 135 | / | 155 |
| Stronghold | 4 | 1260 | / | 760 |
| Fortress | 2 | 650 | / | 380 |
| total: | 72 | 9590g | / | 5690w |
| 0:01 | Peon |
| 0:02 | Peon |
| 0:06 | Altar of Storms |
| 0:18 | Orc Burrow |
| 0:24 | Peon |
| 0:34 | Barracks |
| 0:41 | Peon |
| 0:57 | Peon |
| 1:01 | Peon |
| 1:01 | Peon |
| 1:31 | Peon |
| 1:35 | Grunt |
| 1:35 | Grunt |
| 1:40 | Voodoo Lounge |
| 1:53 | Orc Burrow |
| 1:57 | Peon |
| 1:57 | Peon |
| 2:07 | Peon |
| 2:09 | Wind Walk |
| 2:20 | Peon |
| 2:49 | Healing Salve |
| 2:50 | Healing Salve |
| 2:50 | Lesser Clarity Potion |
| 3:09 | Stronghold |
| 3:27 | Grunt |
| 3:33 | Critical Strike |
| 3:48 | Grunt |
| 4:27 | Orc Burrow |
| 4:41 | Grunt |
| 4:49 | Orc Burrow |
| 5:20 | War Mill |
| 5:53 | Spirit Lodge |
| 6:15 | Critical Strike |
| 6:40 | Hex |
| 6:46 | Healing Salve |
| 6:46 | Healing Salve |
| 6:47 | Lesser Clarity Potion |
| 6:47 | Lesser Clarity Potion |
| 6:47 | Lesser Clarity Potion |
| 6:59 | Troll Regeneration |
| 7:00 | Troll Headhunter |
| 7:00 | Troll Headhunter |
| 7:20 | Shaman |
| 7:30 | Shaman |
| 7:50 | Healing Wave |
| 7:54 | Troll Headhunter |
| 7:54 | Shaman |
| 8:26 | Troll Headhunter |
| 8:27 | Shaman |
| 8:27 | Shaman |
| 8:28 | Shaman Adept Training |
| 8:28 | Shaman Master Training |
| 8:55 | Fortress |
| 9:16 | Reinforced Defenses |
| 9:29 | Orc Burrow |
| 10:34 | Great Hall |
| 11:20 | Berserker Upgrade |
| 11:45 | Troll Headhunter |
| 11:45 | Troll Headhunter |
| 11:51 | Healing Wave |
| 12:14 | Beastiary |
| 12:46 | Potion of Lesser Invulnerability |
| 14:01 | Peon |
| 14:19 | Tauren Totem |
| 14:28 | Orb of Lightning |
| 14:42 | Scroll of Town Portal |
| 14:53 | Troll Berserker |
| 14:53 | Troll Berserker |
| 15:32 | Steel Armor |
| 15:33 | Steel Ranged Weapons |
| 15:33 | Thorium Ranged Weapons |
| 15:37 | War Drums Damage Increase |
| 15:38 | Kodo Beast |
| 15:41 | Kodo Beast |
| 15:53 | Pulverize |
| 15:54 | Tauren |
| 17:06 | Wind Walk |
| 17:10 | Thorium Armor |
| 17:18 | Berserker Strength |
| 18:09 | Tauren |
| 18:09 | Tauren |
| 18:13 | Shaman |
| 18:13 | Shaman |
| 18:13 | Shaman |
| 18:27 | Pillage |
| 19:07 | Staff of Teleportation |
| 20:49 | Witch Doctor Adept Training |
| 20:50 | Troll Witch Doctor |
| 20:50 | Troll Witch Doctor |
| 21:04 | Stronghold |
| 22:01 | Serpent Ward |
| 22:18 | Watch Tower |
| 22:18 | Watch Tower |
| 22:19 | Watch Tower |
| 22:19 | Watch Tower |
| 22:20 | Watch Tower |
| 22:39 | Watch Tower |
| 22:39 | Watch Tower |
| 22:40 | Watch Tower |
| 22:40 | Watch Tower |
| 22:41 | Watch Tower |
| 22:41 | Watch Tower |
| 23:42 | Great Hall |
| 24:43 | Watch Tower |
| 24:44 | Watch Tower |
| 24:44 | Watch Tower |
| 25:21 | Orc Burrow |
| 27:53 | War Mill |
| 28:11 | War Mill |
| 29:06 | Watch Tower |
| 29:06 | Watch Tower |
| 29:13 | Watch Tower |
| 29:13 | Watch Tower |
| 29:13 | Watch Tower |
| 29:19 | Watch Tower |
| 29:58 | Watch Tower |
| 29:58 | Watch Tower |
| 29:59 | Watch Tower |
| 29:59 | Watch Tower |
| 30:00 | Watch Tower |
| 30:48 | Peon |
| 30:49 | Peon |
| 30:49 | Peon |
| 32:40 | Great Hall |
| 32:58 | Watch Tower |
| 32:58 | Watch Tower |
| 32:59 | Watch Tower |
| 32:59 | Watch Tower |
| 33:00 | Watch Tower |
| 33:36 | Potion of Lesser Invulnerability |
| 34:10 | Scroll of Town Portal |
| 34:19 | Healing Wave |
| 35:37 | Watch Tower |
| 35:39 | Watch Tower |
| 35:49 | Peon |
| 35:49 | Peon |
| 35:49 | Peon |
| 37:21 | Critical Strike |
| 37:24 | Watch Tower |
| 37:24 | Watch Tower |
| 37:25 | Watch Tower |
| 37:25 | Watch Tower |
| 37:26 | Watch Tower |
| 37:26 | Watch Tower |
| 37:27 | Watch Tower |
| 38:10 | Watch Tower |
| 38:10 | Watch Tower |
| 38:11 | Watch Tower |
| 38:38 | Watch Tower |
| 38:39 | Watch Tower |
| 38:39 | Watch Tower |
| 39:26 | Watch Tower |
| 39:26 | Watch Tower |
| 39:27 | Watch Tower |
| 39:27 | Watch Tower |
| 40:40 | Peon |
| 40:40 | Peon |
| 40:40 | Peon |
| 41:39 | Watch Tower |
| 41:39 | Watch Tower |
| 41:39 | Watch Tower |
| 41:40 | Watch Tower |
| 41:40 | Watch Tower |
| Right click | 2706 |
| Select group | 2390 |
| Select | 803 |
| Build/train/purchase | 166 |
| Misc. action | 127 |
| Assign group | 102 |
| Use ability | 95 |
| Minimap ping | 12 |
| Item give/drop | 5 |
| Esc | 5 |
⇛